AoeStats
← Rey de Copas

African Clearing

510625204Analyzed
4v4 RM · 5h ago on Oct 1, 2026· 33m 20s· 8 players
Game mode
Random Map
Map size
Large (8 player)
Population
200
Speed
Normal
Resources
Standard
Victory
Conquest
Starting age
Dark Age
Ending age
Imperial Age
RankedLock teamsTeams togetherTeam positionsShared explorationLock speedFull tech treeHidden civsTurbo modeCheats
Victory
Defeat
🇺🇸 Berbers · United States
1076
+15
🇨🇱 Vietnamese · Chile
1053
+16
🇲🇽 Koreans · Mexico
1047
+16
1044
+16
🇪🇸 Mongols · Spain
1084
-17
🇪🇸 Huns · Spain
1061
-16
🇺🇸 Spanish · United States
1029
-15
🇧🇾 Armenians · Belarus
1023
-15
Rey de Copas
3:17 Loom
16:06 Feudal Age
26:02 Castle Age
24:12 Double-Bit Axe
24:11 Horse Collar
29:47 Fletching
Chenghiskhan911
4:07 Loom
13:47 Feudal Age
14:49 Double-Bit Axe
22:25 Castle Age
21:02 Horse Collar
21:19 Fletching
21:29 Padded Archer Armor
23:35 Pikeman
27:00 Scale Mail Armor
29:06 Squires
31:47 Thumb Ring
32:15 Bow Saw
33:14 Ballistics
33:05 Stone Mining
33:08 Gold Mining
33:47 Leather Archer Armor
Ricardo
5:02 Loom
14:14 Feudal Age
14:24 Man-at-Arms
15:31 Double-Bit Axe
23:06 Castle Age
23:25 Pikeman
30:31 Fletching
31:40 Scale Mail Armor
El lechero de la muerte
4:45 Loom
15:11 Feudal Age
16:04 Town Watch
16:26 Double-Bit Axe
18:42 Wheelbarrow
26:44 Padded Archer Armor
26:34 Fletching
31:23 Castle Age
29:05 Horse Collar
31:29 Crossbowman
32:14 Thumb Ring
littlestewey
4:06 Loom
12:36 Feudal Age
13:15 Man-at-Arms
Wospenzukh
13:47 Feudal Age
12:04 Loom
20:57 Castle Age
19:56 Double-Bit Axe
20:48 Fletching
21:02 Town Watch
25:40 Bow Saw
31:51 Wheelbarrow
EL CID
6:15 Loom
13:08 Feudal Age
18:42 Castle Age
25:19 Double-Bit Axe
28:28 Husbandry
30:50 Fletching
31:23 Ballistics
33:02 Bodkin Arrow
32:53 Horse Collar
VPKT malili
7:50 Loom
13:14 Feudal Age
20:24 Castle Age
19:39 Double-Bit Axe
20:16 Forging
20:12 Scale Barding Armor
20:45 Bloodlines
21:03 Light Cavalry
28:26 Chain Barding Armor
30:54 Horse Collar
31:55 Iron Casting
Connection lost

Rejoining the realm…

Still unreachable

The connection could not be restored.

Session expired

The server has moved on; the page needs a fresh start.